 Dungeon Crawl Stone Soup version 0.29-a0-207-gf982a884d8 (webtiles) character file.

Game seed: 10140718219345996272

194614 freelancePsychic the Gelid (level 18, -2/159 HPs)
             Began as a Demonspawn Ice Elementalist on Feb 24, 2022.
             Was a High Priest of Vehumet.
             Succumbed to a naga ritualist's toxic radiance
             ... on level 3 of the Snake Pit.
             The game lasted 01:14:38 (37574 turns).

freelancePsychic the Gelid (DsIE)                  Turns: 37574, Time: 01:14:38

Health: -2/159     AC: 22    Str:  9    XL:     18   Next: 10%
Magic:  31/32      EV: 14    Int: 30    God:    Vehumet [*****.]
Gold:   2083       SH: 12    Dex: 14    Spells: 8/37 levels left

rFire   . . .      SeeInvis +   a - +5 demon whip (flame)
rCold   . . .      Faith    .   x - +1 kite shield {AC+3}
rNeg    + . .      Spirit   .   G - +4 leather armour "Lihuax" {Int+2}
rPois   .          Reflect  .   (helmet unavailable)
rElec   .          Harm     .   M - +2 cloak {Will+}
rCorr   +          Rampage  .   f - +2 pair of gloves
Will    ++...                   D - +1 pair of boots "Muuraino" {Int+4 SInv}
Stlth   +++.......              I - amulet of magic regeneration
HPRegen 0.36/turn               e - ring of resist corrosion
MPRegen 0.63/turn               n - ring of positive energy

@: lethally poisoned (-2 -> -30), unable to drink, slightly contaminated,
studying Transmutations
A: antennae 3, ignite blood 3, powered by pain 1, robust 1, sharp scales 3
a: Renounce Religion


You were on level 3 of the Snake Pit.
You worshipped Vehumet.
Vehumet was extremely pleased with you.
You visited 5 branches of the dungeon, and saw 27 of its levels.
You also visited: Gauntlet.

You collected 2596 gold pieces.
You spent 513 gold pieces at shops.

Inventory:

Hand Weapons
 a - a +5 demon whip of flaming (weapon)
Missiles
 u - a throwing net
Armour
 f - a +2 pair of gloves (worn)
 x - a +1 kite shield of protection (worn)
 D - the +1 pair of boots "Muuraino" (worn) {Int+4 SInv}
   (You found it in a Gauntlet)

   Int:       It affects your intelligence (+4).
   SInv:      It lets you see invisible.
 G - the +4 leather armour "Lihuax" (worn) {Int+2}
   (You bought it in a shop on level 9 of the Dungeon)

   Int:       It affects your intelligence (+2).
 M - a +2 cloak of willpower (worn)
Magical Staves
 p - a staff of earth
 E - a staff of fire
 W - a staff of conjuration
Jewellery
 e - a ring of resist corrosion (left hand)
 n - a ring of positive energy (right hand)
 r - an amulet of reflection
 w - an amulet of guardian spirit
 I - an amulet of magic regeneration (around neck)
 P - a ring of see invisible
 X - the ring "Winurr" {Fly rF+ rC- rCorr Dex+4}
   (You found it on level 14 of the Dungeon)

   [ring of flight]

   Dex:       It affects your dexterity (+4).
   rF:        It protects you from fire.
   rC:        It makes you vulnerable to cold.
   Fly:       It grants you flight.
   rCorr:     It protects you from acid and corrosion.
 Y - a +6 ring of strength
Wands
 d - a wand of acid (11)
 m - a wand of polymorph (6)
 A - a wand of mindburst (16)
 C - a wand of flame (39)
 H - a wand of paralysis (6)
 J - a wand of digging (7)
 V - a wand of iceblast (5)
Scrolls
 k - 10 scrolls of summoning
 q - a scroll of amnesia
 s - 2 scrolls of silence
 t - 3 scrolls of teleportation {@r4}
 L - 2 scrolls of fear
 O - 2 scrolls of enchant armour
 Q - 3 scrolls of fog
 S - 3 scrolls of magic mapping
 U - a scroll of immolation
 Z - 4 scrolls of identify {@r1}
Potions
 b - 9 potions of mutation
 g - 8 potions of curing {@q1}
 h - 5 potions of attraction
 j - 3 potions of brilliance
 l - 6 potions of haste {@q3}
 o - 3 potions of flight
 v - 6 potions of heal wounds {@q2}
 z - 3 potions of degeneration
 B - 2 potions of invisibility {unknown}
 F - 4 potions of cancellation
 K - 2 potions of ambrosia
 N - 2 potions of lignification
 R - 2 potions of berserk rage


   Skills:
 + Level 13.9 Fighting
 - Level 8.0 Maces & Flails
 - Level 3.9 Armour
 - Level 9.0 Dodging
 + Level 6.2 Stealth
 + Level 9.2 Shields
 - Level 10.3 Spellcasting
 - Level 7.9 Conjurations
 - Level 7.9 Transmutations
 + Level 17.1 Ice Magic
 - Level 2.5 Air Magic


You had 8 spell levels left.
You knew the following spells:

 Your Spells              Type           Power      Damage    Failure   Level
a - Ozocubu's Refrigerat  Ice            43%        4d13      2%          7
b - Frozen Ramparts       Ice            100%       1d12      1%          3
c - Ozocubu's Armour      Ice            87%        N/A       1%          3
d - Lee's Rapid Deconstr  Erth           7%         3d8*      58%         5
e - Freezing Cloud        Conj/Ice/Air   31%        6-21      1%          5
f - Freeze                Ice            100%       1d11      0%          1
h - Irradiate             Conj/Tmut      29%        3d23      3%          5

Your spell library contained the following spells:

 Spells                   Type           Power      Damage    Failure   Level
 Maxwell's Capacitive Co  Air            15%        ∞         100%        8
 Magic Dart               Conj           100%       1d8       1%          1
 Ensorcelled Hibernation  Hex/Ice        100%       N/A       1%          2
 Searing Ray              Conj           100%       2d8       1%          2
 Hailstorm                Conj/Ice       74%        3d15      1%          4
 Ice Form                 Ice/Tmut       74%        N/A       1%          4
 Passwall                 Tmut/Erth      32%        N/A       3%          2
 Ignite Poison            Fire/Tmut/Pois 31%        N/A       3%          3
 Summon Ice Beast         Ice/Summ       61%        N/A       3%          4
 Scorch                   Fire           30%        2d6       4%          2
 Flame Wave               Conj/Fire      39%        2d9       6%          4
 Fulminant Prism          Conj/Hex       19%        3d11      6%          4
 Lightning Bolt           Conj/Air       23%        1d39      10%         5
 Slow                     Hex            60%        N/A       11%         1
 Airstrike                Air            15%        N/A       11%         4
 Swiftness                Air            30%        N/A       12%         3
 Fireball                 Conj/Fire      19%        3d9       16%         5
 Yara's Violent Unravell  Hex/Tmut       19%        3d9       16%         5
 Blink                    Tloc           30%        N/A       17%         2
 Call Canine Familiar     Summ           15%        N/A       32%         3
 Confusing Touch          Hex            15%        N/A       32%         3
 Gell's Gravitas          Tloc           15%        N/A       32%         3
 Lesser Beckoning         Tloc           15%        N/A       32%         3
 Portal Projectile        Hex/Tloc       30%        N/A       32%         3
 Teleport Other           Tloc           15%        N/A       32%         3
 Tukima's Dance           Hex            15%        N/A       32%         3
 Vampiric Draining        Necr           15%        2d7       32%         3
 Simulacrum               Ice/Necr       30%        N/A       43%         6
 Alistair's Intoxication  Tmut/Pois      26%        N/A       52%         5
 Summon Lightning Spire   Summ/Air       23%        N/A       54%         4
 Iron Shot                Conj/Erth      19%        9d4       58%         6
 Starburst                Conj/Fire      19%        6d7       58%         6
 Anguish                  Hex/Necr       7%         N/A       73%         4
 Animate Dead             Necr           7%         N/A       73%         4
 Leda's Liquefaction      Hex/Erth       7%         N/A       73%         4
 Passage of Golubria      Tloc           15%        N/A       73%         4
 Silence                  Hex/Air        11%        N/A       87%         5
 Borgnjor's Vile Clutch   Necr/Erth      7%         N/A       97%         5
 Manifold Assault         Tloc           15%        N/A       97%         5
 Summon Mana Viper        Hex/Summ       15%        N/A       97%         5
 Death Channel            Necr           7%         N/A       100%        6
 Summon Cactus Giant      Summ           7%         N/A       100%        6
 Enfeeble                 Hex            7%         N/A       100%        7
 Monstrous Menagerie      Summ           7%         N/A       100%        7
 Storm Form               Tmut/Air       23%        N/A       100%        7
 Ignition                 Fire           7%         3d5       100%        8
 Lehudib's Crystal Spear  Conj/Erth      19%        10d6      100%        8


Dungeon Overview and Level Annotations

Branches:
Dungeon (15/15)            Temple (1/1) D:6            Lair (6/6) D:10
  Swamp (0/4) Lair:3        Snake (3/4) Lair:4        Slime (0/5) Lair:5
    Orc (2/2) D:12            Elf (0/3) Orc:2        Vaults (0/5) D:14
 Depths (0/4) D:15        Gauntlet (visited)

Altars:
Ashenzari
Cheibriados
Dithmenos
Elyvilon
Fedhas
Gozag
Hepliaklqana
Kikubaaqudgha
Makhleb
Nemelex Xobeh
Okawaru
Qazlal
Ru
Sif Muna
Trog
Uskayaw
Vehumet
Wu Jian
Xom
Yredelemnul
Zin
The Shining One
Beogh
Ignis

Shops:
D:5 (   D:9 [   Orc:2 =[:[

Annotations:
D:3 exclusion: centaur
D:5 exclusions: 4 doors, two-headed ogre and wraith
D:6 exclusions: centaur and ice beast
D:8 exclusion: acid dragon
Lair:1 1 exclusion
Snake:1 2 runed translucent doors, drugrobin's ghost, journeyman DgWr


Innate Abilities, Weirdness & Mutations

You have a pair of large antennae on your head. (SInv)
Your demonic aura causes all spilled blood to erupt in flames.
You sometimes gain a little power by taking damage.
You are robust. (+10% HP)
You are completely covered in razor-sharp scales. (AC +3, Slay +3)


Message History

The naga warrior is almost dead.
The naga warrior twists and deforms.
You feel very sick.
* * * LOW HITPOINT WARNING * * *
You are more poisoned.
The naga ritualist spits poison at you. The splash of poison misses you.
The naga warrior misses you. The naga warrior grabs you.
The naga warrior constricts you.
You cannot drink potions in your current state!
As you read the scroll of fear, it crumbles to dust.
You assume a fearsome visage.
The naga ritualist looks frightened!
The guardian serpent looks frightened!
The naga warrior looks frightened!
You feel very sick.
* * * LOW HITPOINT WARNING * * *
You are more poisoned.
The guardian serpent casts a spell at you.
The bolt of poison hits you!!
You are more poisoned.
* * * LOW HITPOINT WARNING * * *
You focus on the pain.
You feel your power returning. The naga warrior constricts you.
* * * LOW HITPOINT WARNING * * *
As you read the scroll of fear, it crumbles to dust.
You assume a fearsome visage.
Nothing appears to happen.
* * * LOW HITPOINT WARNING * * *
You feel extremely sick.
* * * LOW HITPOINT WARNING * * *
You are more poisoned.
Cornered, the naga warrior turns to fight!
The naga warrior spits poison at you. The splash of poison misses you.
The naga warrior constricts you.
Casting: Irradiate (mildly dangerous; 3% risk of failure)
Confirm with . or Enter, or press ? or * to list all spells.
You erupt in a fountain of uncontrolled magic!
The naga warrior is blasted with magical radiation!!
You kill the naga warrior!
Vehumet accepts your kill.
You feel your power returning.
You are lightly contaminated with residual magic.
You die...

##.# ##. #..# ##
#)## # #)## ###
##..#
###.######)..##
##.............#
##.○○☼..........#
#..°@..##########
.......)###
......### ....S#
N.... # .... ##
#.. ##. #.> #..
#.#


You could see a naga ritualist (strong, toxic aura, fleeing, catching breath)
and a guardian serpent (fleeing).

Vanquished Creatures
  Mlioglotl (Lair:4)
  Frances (Snake:2)
  A nagaraja (Snake:2)
  An orc warlord (Orc:2)
  Aizul (Snake:1)
  A broodmother (shapeshifter) (D:12)
  A minotaur (Gauntlet)
  Azrael (D:15)
  A green death (Gauntlet)
  Josephine (Orc:2)
  4 boulder beetles
  2 ogre magi
  5 hydras
  11 naga warriors
  7 catoblepae
  7 anacondas
  Amaemon (Lair:1)
  10 two-headed ogres
  Erica (D:9)
  3 tengu warriors
  8 centaur warriors
  13 death yaks
  2 shock serpents
  7 naga sharpshooters
  4 orc high priests (Orc:2)
  2 skeletal warriors
  2 salamander mystics
  4 naga ritualists
  A sea snake (Snake:1)
  A lindwurm (Lair:6)
  A deep elf archer (D:14)
  3 wizards
  7 orc knights
  A harpy (shapeshifter) (D:14)
  A necromancer (D:15)
  3 deep elf zephyrmancers
  9 mana vipers
  8 cyclopes
  12 deep elf pyromancers
  5 orc sorcerers
  7 ugly things
  An oklob plant (Snake:3)
  5 manticores
  30 elephants
  13 salamanders
  34 black mambas
  4 centaur zombies
  2 guardian serpents (Snake:2)
  2 guardian serpents (shapeshifter)
  An eye of devastation (Lair:5)
  3 gargoyles
  A torpor snail (Lair:5)
  9 cane toads
  11 naga magi
  2 molten gargoyles (D:12)
  2 efreet
  3 orange demons
  4 komodo dragons
  A rime drake (Lair:2)
  A freezing wraith (D:15)
  3 yaktaurs (D:14)
  A kobold demonologist (D:9)
  A troll (shapeshifter) (D:15)
  2 polar bears (Lair:6)
  7 trolls
  A wind drake (shapeshifter) (D:13)
  8 blink frogs
  A hornet (Lair:2)
  10 dream sheep
  A meliai zombie (D:15)
  A shadow (D:11)
  4 wraiths
  51 yaks
  8 wyverns
  2 fire elementals (D:15)
  3 basilisks
  13 vampire mosquitoes
  5 wargs
  28 nagas
  6 acid dragons
  11 water moccasins
  A floating eye (Lair:5)
  6 hell hounds (D:15)
  A black bear (D:7)
  43 orc warriors
  A necrophage (D:8)
  23 ogres
  4 boggarts (D:14)
  9 centaurs
  3 phantoms
  4 wolves (Lair:5)
  16 bullfrogs
  A gnoll sergeant (D:7)
  A kobold brigand (D:9)
  3 wyvern zombies
  A wyvern skeleton (D:5)
  6 killer bees
  7 wights (D:8)
  3 electric eels (Snake:1)
  2 howler monkeys (D:9)
  5 lava snakes (D:12)
  2 jellies
  A bullfrog skeleton (D:7)
  36 orc priests
  6 centaur skeletons
  A hound (D:3)
  A human zombie (D:8)
  Natasha (D:3)
  2 iguanas
  23 orc wizards
  2 killer bee zombies
  A hound zombie (D:5)
  A hound skeleton (D:4)
  2 mummies (D:8)
  4 howler monkey zombies
  10 adders
  4 gnolls (D:7)
  3 shadow imps
  A white imp (D:5)
  6 dart slugs
  93 orcs
  7 ball pythons
  6 endoplasms
  2 giant cockroaches
  8 goblins
  8 hobgoblins
  7 jackals
  10 kobolds
  2 quokkas (D:3)
  9 bats
  2 frilled lizards (D:1)
  A quokka skeleton (D:4)
  2 rats
  A plant (Snake:3)
863 creatures vanquished.

Vanquished Creatures (others)
  An orc warrior (Orc:2)
  A hornet simulacrum (D:15)
  56 fungi
  127 plants
185 creatures vanquished.

Grand Total: 1048 creatures vanquished

Notes
Turn   | Place    | Note
-------+----------+-------------------------------------------
     0 | D:1      | freelancePsychic the Demonspawn Ice Elementalist began the
                  | quest for the Orb.
     0 | D:1      | Reached XP level 1. HP: 13/13 MP: 3/3
   485 | D:1      | Gained mutation: You have a pair of small antennae on your
                  | head. [demonic ancestry]
   485 | D:1      | Reached XP level 2. HP: 19/20 MP: 1/5
   995 | D:1      | Reached skill level 4 in Ice Magic
  1452 | D:2      | Reached skill level 1 in Fighting
  1612 | D:2      | Reached XP level 3. HP: 26/26 MP: 3/6
  1911 | D:2      | Gained mutation: You sometimes gain a little power by
                  | taking damage. [demonic ancestry]
  1911 | D:2      | Reached XP level 4. HP: 27/32 MP: 4/7
  2199 | D:2      | Found a faded altar of an unknown god.
  2213 | D:2      | Learned a level 3 spell: Frozen Ramparts
  2886 | D:3      | Noticed an ogre
  3033 | D:3      | Learned a level 3 spell: Ozocubu's Armour
  3054 | D:3      | Killed an ogre
  3055 | D:3      | Reached skill level 5 in Ice Magic
  3055 | D:3      | Reached XP level 5. HP: 26/39 MP: 1/8
  3342 | D:3      | Noticed a centaur
  4385 | D:4      | Reached XP level 6. HP: 45/46 MP: 5/9
  4522 | D:4      | Noticed Natasha
  4685 | D:3      | Killed Natasha
  4820 | D:4      | Found a stormy altar of Qazlal.
  5368 | D:4      | Found a sacrificial altar of Ru.
  5398 | D:4      | Reached skill level 6 in Ice Magic
  5687 | D:5      | Entered Level 5 of the Dungeon
  5720 | D:5      | Gained mutation: You are partially covered in razor-sharp
                  | scales. (AC +1, Slay +1) [demonic ancestry]
  5720 | D:5      | Reached XP level 7. HP: 46/52 MP: 3/10
  5986 | D:5      | Found a broken altar of Ashenzari.
  5990 | D:5      | Saw a vision of the Swamp and the Snake Pit.
  5990 | D:5      | Noticed a naga sharpshooter
  5990 | D:5      | Noticed a goliath frog
  5990 | D:5      | Noticed a naga warrior
  5990 | D:5      | Noticed a black mamba
  5990 | D:5      | Noticed a naga warrior
  5990 | D:5      | Noticed a goliath frog
  5990 | D:5      | Noticed a naga warrior
  6350 | D:5      | Found Docyv Ikh's Antique Weapon Emporium.
  6356 | D:5      | Bought a glowing dagger for 115 gold pieces
  6459 | D:5      | Noticed a two-headed ogre
  6727 | D:5      | Noticed a wraith
  7667 | D:6      | Reached skill level 7 in Ice Magic
  7667 | D:6      | Gained mutation: You have a pair of antennae on your head.
                  | [demonic ancestry]
  7667 | D:6      | Reached XP level 8. HP: 39/61 MP: 4/11
  8019 | D:6      | Reached skill level 5 in Fighting
  8107 | D:6      | Identified the +3 quarterstaff "Byury" {antimagic, rElec}
  8156 | D:6      | Found a staircase to the Ecumenical Temple.
  8167 | Temple   | Entered the Ecumenical Temple
  8214 | Temple   | Became a worshipper of Vehumet
  8368 | D:6      | Found a shadowy altar of Dithmenos.
  8374 | D:6      | Reached skill level 8 in Ice Magic
  8584 | D:6      | Reached skill level 1 in Conjurations
  9156 | D:7      | Found a burning altar of Makhleb.
  9171 | D:7      | Gained mutation: Your demonic aura sometimes causes spilled
                  | blood to erupt in flames. [demonic ancestry]
  9171 | D:7      | Reached XP level 9. HP: 52/69 MP: 8/14
  9363 | D:7      | Learned a level 4 spell: Hailstorm
 10441 | D:8      | Reached * piety under Vehumet
 10441 | D:8      | Offered knowledge of Foxfire by Vehumet.
 10459 | D:8      | Found a basalt altar of Yredelemnul.
 11314 | D:8      | Found an ornate altar of the Wu Jian Council.
 11507 | D:9      | Reached skill level 9 in Ice Magic
 11540 | D:9      | Noticed a kobold demonologist
 11546 | D:9      | Killed a kobold demonologist
 11549 | D:9      | Reached skill level 5 in Spellcasting
 11768 | D:9      | Found a snail-covered altar of Cheibriados.
 11815 | D:9      | Noticed Erica
 11823 | D:9      | Gained mutation: Your demonic aura often causes spilled
                  | blood to erupt in flames. [demonic ancestry]
 11823 | D:9      | Reached XP level 10. HP: 79/79 MP: 6/17
 11838 | D:9      | Killed Erica
 12017 | D:9      | Found Jugaero Hut's Armour Shop.
 12024 | D:9      | Bought the +4 leather armour "Lihuax" {Int+2} for 398 gold
                  | pieces
 12094 | D:9      | Offered knowledge of Magic Dart by Vehumet.
 12095 | D:9      | Reached skill level 5 in Conjurations
 12182 | D:9      | Noticed a +0 dagger
 12183 | D:9      | Noticed a +0 dagger
 12191 | D:9      | Found a hide-covered altar of Uskayaw.
 12487 | D:10     | Entered Level 10 of the Dungeon
 12608 | D:10     | Reached ** piety under Vehumet
 12612 | D:10     | Reached skill level 10 in Ice Magic
 12699 | D:10     | Found a staircase to the Lair.
 12846 | D:10     | Noticed a boulder beetle
 12908 | Lair:1   | Entered Level 1 of the Lair of Beasts
 13056 | Lair:1   | Noticed a cane toad
 13068 | Lair:1   | Killed a cane toad
 13346 | Lair:1   | Noticed an orange demon
 13346 | Lair:1   | Noticed a black mamba
 13361 | Lair:1   | Killed an orange demon
 13430 | Lair:1   | Killed a black mamba
 13440 | Lair:1   | Reached XP level 11. HP: 43/86 MP: 4/20
 13992 | Lair:1   | Noticed Amaemon
 14008 | Lair:1   | Killed Amaemon
 14009 | Lair:1   | Reached skill level 11 in Ice Magic
 14332 | Lair:1   | Reached skill level 1 in Maces & Flails
 14349 | Lair:1   | Learned a level 7 spell: Ozocubu's Refrigeration
 14892 | Lair:2   | Offered knowledge of Inner Flame by Vehumet.
 15230 | Lair:2   | Found a blossoming altar of Fedhas.
 16177 | Lair:3   | Found a staircase to the Swamp.
 16216 | Lair:3   | Reached skill level 12 in Ice Magic
 16774 | Lair:3   | Reached *** piety under Vehumet
 16782 | Lair:3   | Gained mutation: Your demonic aura causes all spilled blood
                  | to erupt in flames. [demonic ancestry]
 16782 | Lair:3   | Reached XP level 12. HP: 95/95 MP: 6/23
 16959 | Lair:3   | Noticed a death yak
 16959 | Lair:3   | Noticed a death yak
 16960 | Lair:3   | Noticed a death yak
 16983 | Lair:3   | Killed a death yak
 16984 | Lair:3   | Noticed a death yak
 16984 | Lair:3   | Noticed a death yak
 16985 | Lair:3   | Noticed a death yak
 17000 | Lair:3   | Killed a death yak
 17005 | Lair:3   | Killed a death yak
 17005 | Lair:3   | Killed a death yak
 17005 | Lair:3   | Offered knowledge of Sticky Flame by Vehumet.
 17008 | Lair:3   | Killed a death yak
 17009 | Lair:3   | Killed a death yak
 17754 | Lair:3   | Reached skill level 10 in Fighting
 18316 | Lair:4   | Reached skill level 13 in Ice Magic
 18327 | Lair:4   | Reached skill level 5 in Maces & Flails
 18464 | Lair:4   | Found a staircase to the Snake Pit.
 18704 | Lair:5   | Found a staircase to the Slime Pits.
 18736 | Lair:5   | Noticed a catoblepas
 18867 | Lair:4   | Killed a catoblepas
 19283 | Lair:5   | Noticed a death yak
 19289 | Lair:5   | Killed a death yak
 19463 | Lair:5   | Reached XP level 13. HP: 93/103 MP: 25/25
 19477 | Lair:5   | Reached **** piety under Vehumet
 19484 | Lair:5   | Offered knowledge of Freezing Cloud by Vehumet.
 19491 | Lair:5   | Learned a level 5 spell: Freezing Cloud
 19677 | Lair:5   | Reached skill level 1 in Air Magic
 20030 | Lair:6   | Entered Level 6 of the Lair of Beasts
 20668 | Lair:6   | Reached skill level 14 in Ice Magic
 21053 | Lair:6   | Reached ***** piety under Vehumet
 21139 | Lair:6   | Offered knowledge of Fulminant Prism by Vehumet.
 21424 | Lair:6   | Reached skill level 5 in Dodging
 21788 | Lair:6   | Reached skill level 1 in Shields
 21788 | Lair:6   | Gained mutation: You are mostly covered in razor-sharp
                  | scales. (AC +2, Slay +2) [demonic ancestry]
 21788 | Lair:6   | Reached XP level 14. HP: 75/110 MP: 1/27
 21799 | Lair:6   | Reached skill level 10 in Spellcasting
 22103 | Lair:6   | Reached skill level 15 in Ice Magic
 24679 | D:12     | Offered knowledge of Irradiate by Vehumet.
 24686 | D:12     | Learned a level 5 spell: Irradiate
 24722 | D:12     | Found a staircase to the Orcish Mines.
 24784 | D:12     | Reached skill level 1 in Transmutations
 25612 | D:12     | Noticed a broodmother
 25726 | D:13     | Found a gate leading to a gauntlet.
 25730 | Gauntlet | Entered a Gauntlet
 25730 | Gauntlet | Found a transporter.
 25738 | Gauntlet | Found a transporter.
 25740 | Gauntlet | Found a transporter.
 25751 | Gauntlet | Found a transporter.
 25754 | Gauntlet | Found a transporter.
 25765 | Gauntlet | Found a transporter.
 25780 | Gauntlet | Found a transporter.
 25791 | Gauntlet | Found a transporter.
 25801 | Gauntlet | Found a transporter.
 25815 | Gauntlet | Found a transporter.
 25830 | Gauntlet | Found a transporter.
 25830 | Gauntlet | Found a transporter.
 25870 | Gauntlet | Found a transporter.
 25884 | Gauntlet | Found a transporter.
 26047 | Gauntlet | Identified the +1 pair of boots "Muuraino" {Int+4 SInv}
 26368 | D:13     | Reached skill level 5 in Transmutations
 27315 | D:14     | Identified the ring "Winurr" {Fly rF+ rC- rCorr Dex+4}
 27479 | D:14     | Reached XP level 15. HP: 92/117 MP: 24/29
 28155 | D:14     | Found a gate to the Vaults.
 28191 | D:14     | Got the Disquisition on the Mountains and Envenoming
 28587 | D:15     | Entered Level 15 of the Dungeon
 28647 | D:15     | Found a sparkling altar of Nemelex Xobeh.
 28852 | D:15     | Offered knowledge of Iskenderun's Battlesphere by Vehumet.
 29065 | D:15     | Noticed Azrael
 29068 | D:15     | Killed Azrael
 29535 | D:15     | Reached skill level 5 in Shields
 29770 | D:15     | Found a staircase to the Depths.
 30541 | Orc:1    | Entered Level 1 of the Orcish Mines
 30922 | Orc:1    | You fall into a shaft and drop 1 floor!
 30922 | Orc:2    | Entered Level 2 of the Orcish Mines
 30925 | Orc:2    | Offered knowledge of Conjure Ball Lightning by Vehumet.
 31244 | Orc:2    | Found Zeani's Armour Boutique.
 31343 | Orc:2    | Found Uxyexkuy's Book Shop.
 31481 | Orc:2    | Reached skill level 16 in Ice Magic
 31495 | Orc:2    | Gained mutation: You have a pair of large antennae on your
                  | head. (SInv) [demonic ancestry]
 31495 | Orc:2    | Reached XP level 16. HP: 111/127 MP: 23/30
 31546 | Orc:2    | Noticed Josephine
 31551 | Orc:2    | Killed Josephine
 31877 | Orc:2    | Found a staircase to the Elven Halls.
 32634 | Orc:2    | Gained mutation: You are robust. (+10% HP) [demonic
                  | ancestry]
 32634 | Orc:2    | Reached XP level 17. HP: 129/148 MP: 31/31
 32733 | Orc:2    | Offered knowledge of Spellforged Servitor by Vehumet.
 32844 | Orc:2    | Found Rabaing's Jewellery Emporium.
 32890 | Orc:2    | Found Dipn's Antique Armour Shop.
 33501 | Snake:1  | Entered Level 1 of the Snake Pit
 33501 | Snake:1  | Noticed Mlioglotl
 33501 | Snake:1  | Found a large runed translucent door.
 33501 | Snake:1  | Found a large runed translucent door.
 33510 | Lair:4   | Killed Mlioglotl
 33638 | Snake:1  | Noticed drugrobin's ghost (journeyman DgWr)
 33689 | Snake:1  | Reached skill level 1 in Armour
 33804 | Snake:1  | Noticed Aizul
 33816 | Snake:1  | Killed Aizul
 35268 | Snake:2  | Offered knowledge of Lee's Rapid Deconstruction by Vehumet.
 35276 | Snake:2  | Learned a level 5 spell: Lee's Rapid Deconstruction
 35428 | Snake:2  | Noticed Frances
 35627 | Snake:2  | Killed Frances
 36479 | Snake:2  | Reached skill level 5 in Stealth
 36670 | Snake:3  | Found an opulent altar of Gozag.
 36895 | Snake:3  | Reached skill level 17 in Ice Magic
 37231 | Snake:3  | Gained mutation: You are completely covered in razor-sharp
                  | scales. (AC +3, Slay +3) [demonic ancestry]
 37231 | Snake:3  | Reached XP level 18. HP: 156/159 MP: 23/32
 37396 | Snake:3  | Offered knowledge of Maxwell's Capacitive Coupling by
                  | Vehumet.
 37573 | Snake:3  | HP: 7/159 [poisoned by a guardian serpent (bolt of poison)]
 37574 | Snake:3  | Succumbed to a naga ritualist's toxic radiance

Illustrated notes

Levels and vault maps discovered:
D:1:      dpeg_arrival_water_temple_mockup, layout_loops_ring, serial_forest,
          infiniplex_forest_lined_room_2, infiniplex_forest_clump_long,
          infiniplex_forest_clump_long, infiniplex_forest_end_double,
          infiniplex_forest_corner_1, infiniplex_forest_end_3,
          minmay_tiny_reverse_x
D:2:      layout_basic, basic_altar, hellmonk_ecumenical_altar_lost_god
D:3:      layout_loops_ring, kennysheep_big_empty_room
D:4:      layout_gridville, mainiacjoe_overflow_boulevard,
          nicolae_ru_awakened_eye, corexii_hall_statues_s, minmay_manual_mail,
          uniq_natasha
D:5:      kennysheep_big_flooded_room, layout_basic, grunt_ashenzari_visionary
          [grunt_ashenzari_visionary_swamp, grunt_ashenzari_visionary_snake],
          serial_shops, nicolae_shop_overgrown_old_shop,
          kennysheep_generic_room_2
D:6:      layout_loops_ring, grunt_dithmenos_shadows,
          minmay_temple_entry_offerings
D:7:      layout_gridville, mainiacjoe_overflow_chevrons,
          mainiacjoe_overflow_catwalk, minmay_fountain_box
D:8:      layout_cave_pools, lemuel_mausoleum_altar_yredelemnul,
          mainiacjoe_overflow_alcove_4
D:9:      layout_roguey, lemuel_tele_altar, dancing_weapons_uskayaw,
          serial_shops, shop, uniq_erica
D:10:     layout_layer_cave, david_lair_shrubbed
D:11:     layout_basic
D:12:     cheibrodos_magma_flow, layout_basic, orc_0_dummy, minivault_28
D:13:     layout_roguey, gauntlet_entry_generic
D:14:     layout_loops_cross, hangedman_vaults_entry_quadrant_bands,
          minmay_misc_feat_rugged, minmay_misc_feat_tower
D:15:     grunt_enter_depths_magical_seal, layout_cave_pools,
          nemelex_xobeh_ov_fountains_minmay, lightli_fourway_metalbox,
          uniq_azrael
Temple:   ebering_untended_altars
Lair:1:   dragon1_lemuel, layout_cave_pods, grunt_megastairs_2,
          infiniplex_staircase_pool_2, uniq_amaemon
Lair:2:   layout_cave_shapes, basic_altar, grunt_megastairs_4, lemuel_fruit_tree
Lair:3:   layout_regular_city, swamp_mist_pool, nicolae_lair_lil_pond
Lair:4:   layout_roguey, guppyfry_snake_entry_island, patterned_corridor
Lair:5:   layout_loops_ring, minmay_slime_entry_eyes, grunt_megastairs_5
Lair:6:   evilmike_catoblepas_cave, layout_regular_city
Snake:1:  layout_onion_interference, ebering_ghost_disaster_area,
          serial_bayou_shore_a, uniq_aizul, uniq_mlioglotl
Snake:2:  layout_rooms, nicolae_snake_guarding_the_ruins, uniq_frances
Snake:3:  layout_layer_cave, lemuel_oklob_altar
Orc:1:    layout_diamond_mine
Orc:2:    pubby_orc_utopia, uniq_josephine

Skill      XL: |  1  2  3  4  5  6  7  8  9 10 11 12 13 14 15 16 17 18 |
---------------+-------------------------------------------------------+-----
Ice Magic      | 4 5 6 7 8 9 10 12 13 14 15 16 17 | 17.1
Fighting       | 1 2 3 4 5 7 8 9 10 12 13 | 13.9
Stealth        | 2 3 4 5 6 |  6.2
Spellcasting   | 3 5 6 7 8 9 10 | 10.3
Conjurations   | 2 4 6 7 |  7.9
Maces & Flails | 3 5 7 8 |  8.0
Dodging        | 3 5 6 8 9 |  9.0
Air Magic      | 2 |  2.5
Shields        | 1 3 6 9 |  9.2
Transmutations | 7 |  7.9
Armour         | 3 |  3.9

Action                   |  1- 3 |  4- 6 |  7- 9 | 10-12 | 13-15 | 16-18 || total
-------------------------+-------+-------+-------+-------+-------+-------++-------
Melee: Unarmed           |     4 |       |       |       |       |       ||     4
       Dagger            |    29 |   124 |   309 |    74 |       |       ||   536
       Punch             |       |     2 |     7 |     1 |       |       ||    10
       Demon whip        |       |       |       |   146 |   338 |   179 ||   663
 Cast: Freeze            |    41 |    16 |    17 |       |       |       ||    74
       Frozen Ramparts   |       |    22 |    25 |    41 |       |       ||    88
       Ozocubu's Armour  |       |     5 |    37 |    31 |     2 |       ||    75
       Hailstorm         |       |       |    13 |    28 |       |       ||    41
       Ozocubu's Refrige |       |       |       |    15 |   151 |    99 ||   265
       Freezing Cloud    |       |       |       |       |    44 |    11 ||    55
       Irradiate         |       |       |       |       |    36 |    31 ||    67
Evoke: Wand              |       |     5 |     3 |     9 |       |       ||    17
  Use: Scroll            |       |     5 |     5 |    10 |    14 |     4 ||    38
       Potion            |       |     2 |     2 |     2 |       |     1 ||     7
 Stab: Sleeping          |     3 |     6 |     8 |     1 |     5 |     6 ||    29
       Distracted        |       |       |       |       |     1 |     1 ||     2
Armor: Robe              |    17 |    50 |   139 |     3 |       |       ||   209
       Leather armour    |       |       |       |   130 |   170 |    65 ||   365
Dodge: Dodged            |    38 |   118 |   171 |   120 |   195 |   108 ||   750
Block: Other             |       |       |    49 |    25 |       |       ||    74
       Buckler           |       |       |       |       |    97 |    23 ||   120
       Kite shield       |       |       |       |       |       |    74 ||    74

Table legend: (Time is in decaauts)
 A = Elapsed time spent in this place.
 B = Non-inter-level travel time spent in this place.
 C = Inter-level travel time spent in this place.
 D = Time resting spent in this place.
 E = Time spent auto-exploring this place.
 F = Levels seen in this place.
 G = Mean time per level.
                   A        B        C        D        E       F      G
               +--------+--------+--------+--------+--------+-----+--------+
         Total |  37512 |  35876 |   1636 |   3886 |  26538 |  28 | 1339.7 |
       Dungeon |  20616 |  19523 |   1093 |   1945 |  14671 |  15 | 1374.4 |
        Temple |     58 |     48 |     10 |      0 |     24 |   1 |   58.0 |
          Lair |  10086 |   9732 |    354 |   1267 |   7228 |   6 | 1681.0 |
     Snake Pit |   3621 |   3544 |     77 |    412 |   2559 |   3 | 1207.0 |
  Orcish Mines |   2528 |   2428 |    100 |     69 |   1800 |   2 | 1264.0 |
      Gauntlet |    601 |    601 |      0 |    193 |    255 |   1 |  601.0 |
               +--------+--------+--------+--------+--------+-----+--------+

Top non-repeatable levels by time:
   Orc:2: 2132 daAuts
  Lair:6: 2086 daAuts
  Lair:3: 2002 daAuts
    D:14: 1926 daAuts
  Lair:1: 1824 daAuts
     D:5: 1783 daAuts
  Lair:4: 1566 daAuts
     D:2: 1560 daAuts
     D:3: 1486 daAuts
     D:7: 1481 daAuts
     D:1: 1439 daAuts
    D:12: 1377 daAuts
  Lair:2: 1350 daAuts
    D:15: 1334 daAuts
    D:10: 1330 daAuts
